 Dungeon Crawl Stone Soup version 0.31.0-11-ge490571c62 (webtiles) character file.

Game seed: 17314896871992610536

5137 qw the Nimble (level 10, -9/51 HPs)
             Began as a Spriggan Hunter on Feb 5, 2024.
             Was a Believer of Okawaru.
             Mangled by Joseph
             ... wielding a +0 quarterstaff
              (14 damage)
             ... on level 8 of the Dungeon.
             The game lasted 00:02:02 (7193 turns).

qw the Nimble (Spriggan Hunter)                     Turns: 7193, Time: 00:02:02

Health: -9/51      AC: 12    Str:  7    XL:     10   Next: 33%
Magic:  12/14      EV: 35    Int: 11    God:    Okawaru [**....]
Gold:   442        SH:  0    Dex: 23    Spells: 9/9 levels left

rFire   . . .        k - +0 arbalest
rCold   + . .        (shield currently unavailable)
rNeg    . . .        m - +1 steam dragon scales
rPois   .            (helmet restricted)
rElec   .            a - +0 cloak
rCorr   .            (gloves unavailable)
SInv    +            (boots unavailable)
Will    +....        d - amulet of the acrobat
Stlth   ++++         b - +4 ring of protection
HPRegen 0.28/turn    g - ring of protection from cold
MPRegen 0.14/turn

%: acrobat
@: heroic, very quick
A: very small, no large weapons, unfitting armour, see invisible, speed 3
a: Renounce Religion, Heroism


You were on level 8 of the Dungeon.
You worshipped Okawaru.
Okawaru was pleased with you.
You visited 2 branches of the dungeon, and saw 9 of its levels.

You collected 442 gold pieces.


Innate Abilities, Weirdness & Mutations

You are very small and have problems with some larger weapons.
You are too small for most types of armour.
You have supernaturally acute eyesight. (SInv)
You cover ground extremely quickly. (Speed+++)


   Skills:
 - Level 4.3(9.3) Fighting
 + Level 11.1(16.1) Ranged Weapons
 - Level 1.0(6.0) Armour
 - Level 12.0(17.0) Dodging
 - Level 1.5(6.5) Stealth
 - Level 4.1 Invocations


You had 9 spell levels left.
You didn't know any spells.
Your spell library was empty.

Inventory:

Hand Weapons
 k - a +0 arbalest (weapon)
Armour
 a - a +0 cloak (worn)
 m - +1 steam dragon scales (worn)
Jewellery
 b - a +4 ring of protection (left hand)
 d - an amulet of the acrobat (around neck)
 g - a ring of protection from cold (right hand)
 l - an amulet of guardian spirit
 o - a ring of protection from fire
Potions
 c - a potion of enlightenment {unknown}
 e - a potion of might
 f - a potion of resistance
 h - a potion of cancellation
 j - 3 potions of curing
 n - a potion of brilliance {unknown}

Dungeon Overview and Level Annotations

Branches:
Dungeon (8/15)             Temple (1/1) D:6
   Lair: D:8-11

Altars:
Ashenzari
Cheibriados
Dithmenos
Elyvilon
Fedhas
Gozag
Hepliaklqana
Kikubaaqudgha
Makhleb
Okawaru
Qazlal
Ru
Sif Muna
Trog
Uskayaw
Vehumet
Wu Jian
Xom
The Shining One

Portals:
Bailey: D:7

Annotations:
D:7 1 runed translucent door, exclusion: black bear, qw's ghost, novice SpHu
D:8 Joseph


Message History

Okawaru accepts your kill. The wight misses you.
The kobold hits you with a +0 short sword.
The kobold completely misses you. The wight misses you.
The wight completely misses you.
Your base Dodging skill increases to level 12!
You shoot a bolt. The bolt hits the yak!!
The yak is almost dead.
The wight hits you with a +2 battleaxe. The kobold completely misses you.
The kobold closely misses you. The yak completely misses you.
The wight completely misses you. x2
You shoot a bolt. The bolt hits the yak!
You kill the yak!
Okawaru accepts your kill. The wight completely misses you.
The wight misses you. The kobold completely misses you. The kobold misses you.
The wight closely misses you.
You shoot a bolt.
The bolt hits Joseph but does no damage.
The wight completely misses you. The wight barely misses you.
The kobold completely misses you. The kobold hits you but does no damage.
Joseph completely misses you. The wight completely misses you.
You shoot a bolt. The bolt hits Joseph!!
Joseph is moderately wounded.
Joseph misses you. The wight completely misses you. x2
The kobold completely misses you. The kobold misses you.
The wight completely misses you.
You shoot a bolt. The bolt hits Joseph!
Joseph is heavily wounded.
The wight completely misses you. The wight barely misses you.
The kobold completely misses you. The kobold hits you but does no damage.
Joseph completely misses you. The wight completely misses you.
You shoot a bolt. The bolt hits Joseph.
Joseph is heavily wounded.
The wight completely misses you. x2; The kobold hits you but does no damage.
The kobold misses you. Joseph misses you. The wight completely misses you.
You shoot a bolt. The bolt hits Joseph!
Joseph is severely wounded.
Joseph hits you with a +0 quarterstaff!
You die...

...... . ..... .
.. .... .. ...
... ..# ....#..
...# #..$...
.....
#...?..###z.....
#.....Kz@KK.....
......z@#K......
.........c......
....###.......#.
..# .......... .
#.......##
##......#
......#


You could see Joseph, a centaur, 3 wights and 4 kobolds.

Vanquished Creatures
  Maggie (D:6)
  Sigmund (D:4)
  7 yaks (D:8)
  A wyvern (D:8)
  A steam dragon (D:7)
  2 water moccasins
  2 orc warriors
  4 ice beasts
  3 black bears
  4 ogres
  A centaur (D:8)
  3 phantoms
  A kobold brigand (D:8)
  3 bullfrogs (D:8)
  4 scorpions
  5 wights (D:8)
  6 killer bees (D:7)
  A howler monkey (D:5)
  2 bombardier beetles
  3 jellies
  6 hounds
  3 iguanas
  2 sleepcaps (D:6)
  3 orc wizards
  7 adders
  2 shadow imps (D:5)
  A white imp (D:5)
  2 ufetubi (D:5)
  3 dart slugs
  3 ribbon worms
  9 orcs
  2 endoplasms
  4 giant cockroaches
  5 hobgoblins
  3 jackals (D:4)
  9 kobolds
  2 quokkas
  7 ball pythons
  6 bats
  3 frilled lizards
  6 goblins
  11 rats
154 creatures vanquished.

Vanquished Creatures (others)
  An orc wizard (D:8)
  An orc (D:7)
2 creatures vanquished.

Grand Total: 156 creatures vanquished

Notes
Turn   | Place    | Note
-------+----------+-------------------------------------------
     0 | D:1      | qw the Spriggan Hunter began the quest for the Orb.
     0 | D:1      | Reached XP level 1. HP: 10/10 MP: 2/2
     0 | D:1      | 0 ||| qw: Version: 0.3-a-160-g6735b56
     0 | D:1      | 0 ||| qw: Game counter: 6140
     0 | D:1      | 0 ||| qw: Melee chars always use a shield: true
     0 | D:1      | 0 ||| qw: God list: Okawaru
     0 | D:1      | 0 ||| qw: Allow faded altars: false
     0 | D:1      | 0 ||| qw: Do Orc after clearing Dungeon:15 true
     0 | D:1      | 0 ||| qw: Do second Lair branch before Depths: true
     0 | D:1      | 0 ||| qw: Lair rune preference: random
     0 | D:1      | 0 ||| qw: Goals: Normal
     0 | D:1      | 0 ||| PLANNING D:1-11
   192 | D:1      | Reached skill level 3 in Dodging
   278 | D:1      | Reached XP level 2. HP: 14/14 MP: 3/3
   452 | D:1      | Reached skill level 4 in Dodging
   957 | D:1      | 957 ||| UPGRADING to amulet of the acrobat.
   962 | D:1      | 962 ||| READING scroll labelled TUCHONNEAXO.
   963 | D:1      | 963 ||| READING scroll labelled HUSMOLUMUPH.
  1064 | D:1      | 1064 ||| DROPPING scroll of butterflies.
  1134 | D:2      | Reached XP level 3. HP: 18/18 MP: 4/4
  1503 | D:2      | Found a faded altar of an unknown god.
  1638 | D:2      | Reached XP level 4. HP: 19/22 MP: 5/5
  1778 | D:2      | 1778 ||| READING 3 scrolls labelled CILUDELIAPN.
  1778 | D:2      | 1778 ||| IDENTIFYING black potion
  1779 | D:2      | 1779 ||| READING 2 scrolls of identify.
  1779 | D:2      | 1779 ||| IDENTIFYING ruby potion
  1780 | D:2      | 1780 ||| READING scroll of identify.
  1780 | D:2      | 1780 ||| IDENTIFYING smoky red potion
  1781 | D:2      | 1781 ||| READING scroll labelled NOESTRUCEMO.
  1782 | D:2      | 1782 ||| DRINKING 2 yellow potions.
  1783 | D:2      | 1783 ||| DROPPING potion of degeneration.
  1784 | D:2      | 1784 ||| DROPPING potion of ambrosia.
  2163 | D:3      | Noticed a phantom
  2175 | D:3      | Killed a phantom
  2176 | D:3      | Reached skill level 6 in Dodging
  2176 | D:3      | Reached XP level 5. HP: 15/25 MP: 6/6
  2630 | D:3      | 2630 ||| READING 2 scrolls of identify.
  2630 | D:3      | 2630 ||| IDENTIFYING orange potion
  2631 | D:3      | 2631 ||| READING scroll of identify.
  2631 | D:3      | 2631 ||| IDENTIFYING 3 fuming emerald potions
  2632 | D:3      | 2632 ||| READING scroll labelled PEEXZA KEKU.
  2681 | D:3      | 2681 ||| READING scroll labelled TUQAUF WETU.
  2682 | D:3      | 2682 ||| READING scroll labelled DECKOL WUDYP.
  2686 | D:3      | 2686 ||| DROPPING potion of berserk rage.
  2837 | D:4      | HP: 6/26 [poisoned by a scorpion]
  2839 | D:4      | HP: 2/26 [poisoned by a scorpion]
  2840 | D:4      | 2840 ||| DRINKING 3 potions of curing.
  2840 | D:4      | 2840 ||| (to cure poison)
  3294 | D:4      | Noticed a black bear
  3295 | D:4      | 3295 ||| ZAPPING wand of flame (5) at 0,-7 (black bear;
                  | floor).
  3299 | D:4      | Killed a black bear
  3300 | D:4      | Reached XP level 6. HP: 32/32 MP: 7/7
  3465 | D:4      | Reached skill level 6 in Ranged Weapons
  3625 | D:4      | Noticed Sigmund
  3626 | D:4      | 3626 ||| ZAPPING wand of flame (4) at 6,1 (Sigmund; floor).
  3627 | D:4      | 3627 ||| ZAPPING wand of flame (3) at 5,0 (Sigmund; floor).
  3628 | D:4      | 3628 ||| ZAPPING wand of flame (2) at 4,0 (Sigmund; floor).
  3629 | D:4      | 3629 ||| ZAPPING wand of flame (1) at 3,0 (Sigmund; floor).
  3638 | D:4      | Killed Sigmund
  3639 | D:4      | Reached XP level 7. HP: 22/35 MP: 8/8
  4067 | D:4      | 4067 ||| UPGRADING to +4 ring of protection.
  4068 | D:4      | 4068 ||| DROPPING ring of wizardry.
  4093 | D:5      | Entered Level 5 of the Dungeon
  4259 | D:5      | Reached skill level 7 in Dodging
  4274 | D:5      | 4274 ||| FLEEEEING.
  4275 | D:5      | 4275 ||| FLEEEEING.
  4278 | D:5      | 4278 ||| FLEEEEING.
  4279 | D:5      | 4279 ||| FLEEEEING.
  4280 | D:5      | 4280 ||| FLEEEEING.
  4281 | D:5      | 4281 ||| FLEEEEING.
  4282 | D:5      | 4282 ||| FLEEEEING.
  4283 | D:5      | 4283 ||| FLEEEEING.
  4284 | D:5      | 4284 ||| FLEEEEING.
  4285 | D:5      | 4285 ||| FLEEEEING.
  4288 | D:5      | 4288 ||| FLEEEEING.
  4289 | D:5      | 4289 ||| FLEEEEING.
  4290 | D:5      | 4290 ||| FLEEEEING.
  4291 | D:5      | 4291 ||| FLEEEEING.
  4292 | D:5      | 4292 ||| FLEEEEING.
  4293 | D:5      | 4293 ||| FLEEEEING.
  4294 | D:5      | 4294 ||| FLEEEEING.
  4299 | D:5      | 4299 ||| FLEEEEING.
  4300 | D:5      | 4300 ||| FLEEEEING.
  4301 | D:5      | 4301 ||| FLEEEEING.
  4664 | D:5      | Found a bloodstained altar of Trog.
  4744 | D:5      | Reached skill level 3 in Fighting
  4744 | D:5      | Reached XP level 8. HP: 37/40 MP: 9/9
  4820 | D:5      | HP: 7/40 [ogre/+0 giant spiked club (33)]
  4821 | D:5      | 4821 ||| READING scroll of teleportation.
  5005 | D:5      | Reached skill level 8 in Dodging
  5250 | D:5      | 5250 ||| READING 2 scrolls of identify.
  5250 | D:5      | 5250 ||| IDENTIFYING grey potion
  5251 | D:5      | 5251 ||| READING scroll of identify.
  5251 | D:5      | 5251 ||| IDENTIFYING silvery potion
  5252 | D:5      | 5252 ||| READING 3 scrolls labelled KESTAE WUOGO.
  5253 | D:5      | 5253 ||| READING scroll labelled ELABEO FUFEY.
  5254 | D:5      | 5254 ||| READING scroll labelled AGYXTA JIMOO.
  5255 | D:5      | 5255 ||| DRINKING 2 inky potions.
  5256 | D:5      | 5256 ||| DROPPING 2 scrolls of fog.
  5257 | D:5      | 5257 ||| DROPPING potion of invisibility.
  5269 | D:6      | Found a bloodstained altar of Trog.
  5275 | D:6      | 5275 ||| STAIRDANCE
  5357 | D:6      | Found a staircase to the Ecumenical Temple.
  5358 | D:6      | 5358 ||| PLANNING TEMPLE
  5367 | Temple   | Entered the Ecumenical Temple
  5368 | Temple   | 5368 ||| PLANNING OKAWARU WORSHIP
  5376 | Temple   | Became a worshipper of Warmaster Okawaru
  5377 | Temple   | 5377 ||| PLANNING D:1-11
  5415 | D:6      | Reached skill level 9 in Ranged Weapons
  5572 | D:6      | Reached skill level 9 in Dodging
  5675 | D:6      | 5675 ||| SWAPPING to +0 arbalest.
  5676 | D:6      | 5676 ||| DROPPING +0 shortbow.
  5694 | D:6      | Found a stormy altar of Qazlal.
  5792 | D:6      | Reached * piety under Okawaru
  5793 | D:6      | Reached XP level 9. HP: 44/44 MP: 10/10
  5828 | D:6      | Noticed Maggie
  5829 | D:6      | 5829 ||| INVOKING Heroism.
  5838 | D:6      | 5838 ||| INVOKING Heroism.
  5845 | D:6      | Killed Maggie
  6032 | D:6      | Reached skill level 1 in Invocations
  6038 | D:6      | 6038 ||| UPGRADING to +0 cloak.
  6054 | D:6      | 6054 ||| UPGRADING to +0 steam dragon scales.
  6094 | D:6      | 6094 ||| UPGRADING to +0 steam dragon scales.
  6104 | D:6      | 6104 ||| DROPPING +0 robe.
  6160 | D:6      | 6160 ||| UPGRADING to ring of protection from cold.
  6161 | D:6      | 6161 ||| READING scroll labelled NYURPH JEUN.
  6161 | D:6      | 6161 ||| ENCHANTING +0 steam dragon scales.
  6183 | D:7      | 6183 ||| RETREEEEATING.
  6187 | D:7      | 6187 ||| RETREEEEATING.
  6197 | D:7      | Reached skill level 1 in Armour
  6325 | D:7      | Reached skill level 3 in Invocations
  6362 | D:7      | Found a runed translucent door.
  6362 | D:7      | Noticed qw's ghost (novice SpHu)
  6375 | D:7      | Reached skill level 10 in Dodging
  6399 | D:7      | Found a flagged portal.
  7101 | D:8      | 7101 ||| RETREEEEATING.
  7102 | D:8      | 7102 ||| INVOKING Heroism.
  7116 | D:8      | Noticed Joseph
  7117 | D:8      | Reached ** piety under Okawaru
  7123 | D:8      | 7123 ||| INVOKING Heroism.
  7123 | D:8      | HP: 9/46 [yak (9)]
  7124 | D:8      | 7124 ||| DRINKING 3 potions of heal wounds.
  7128 | D:8      | Reached skill level 11 in Dodging
  7128 | D:8      | HP: 7/46 [yak (6)]
  7129 | D:8      | 7129 ||| DRINKING 2 potions of heal wounds.
  7131 | D:8      | Reached XP level 10. HP: 31/51 MP: 12/14
  7133 | D:8      | HP: 12/51 [yak (9)]
  7134 | D:8      | 7134 ||| DRINKING potion of heal wounds.
  7150 | D:8      | 7150 ||| INVOKING Heroism.
  7173 | D:8      | HP: 10/51 [wight/+2 battleaxe (11)]
  7179 | D:8      | 7179 ||| INVOKING Heroism.
  7186 | D:8      | HP: 9/51 [kobold/+0 short sword (4)]
  7187 | D:8      | Reached skill level 12 in Dodging
  7187 | D:8      | HP: 4/51 [wight/+2 battleaxe (6)]
  7193 | D:8      | Mangled by Joseph

Levels and vault maps discovered:
D:1:      matt_arrival_spirals, layout_basic
D:2:      minmay_wonky_spiral, layout_loops_cross,
          hellmonk_ecumenical_altar_crossroads
D:3:      layout_basic, nicolae_twisty_statue_hallways
D:4:      layout_layer_cave, uniq_sigmund
D:5:      layout_loops_cross, lemuel_round_altar
D:6:      layout_rooms, minmay_temple_entry_wispy, hangedman_feature_mirror,
          kennysheep_potato, uniq_maggie
D:7:      layout_basic, hellmonk_ghost_happy_afterlife, enter_bailey_5
D:8:      layout_cave_pools, uniq_joseph
Temple:   dpeg_three_leaves_temple

Skill      XL: |  1  2  3  4  5  6  7  8  9 10 |
---------------+-------------------------------+-----
Dodging        | 3 4 6 7 9 11 12 | 12.0
Ranged Weapons | 5 7 8 9 10 11 | 11.1
Fighting       | 2 3 4 |  4.3
Invocations    | 4 |  4.1
Armour         | 1 |  1.0
Stealth        | |  1.5

Action                     |  1- 3 |  4- 6 |  7- 9 | 10-12 || total
---------------------------+-------+-------+-------+-------++-------
   Fire: Shortbow          |   137 |   137 |   214 |       ||   488
         Arbalest          |       |       |   134 |    60 ||   194
 Invoke: Heroism           |       |       |     4 |     2 ||     6
  Evoke: Wand              |       |     5 |       |       ||     5
    Use: Scroll            |     2 |     9 |     7 |       ||    18
         Potion            |       |     2 |     3 |     1 ||     6
 Armour: Robe              |    18 |    20 |    49 |       ||    87
         Steam dragon scal |       |       |    31 |    27 ||    58
  Dodge: Dodged            |    42 |    49 |   377 |   298 ||   766

Table legend:
 A = Non-vault XP
 B = Vault XP
 C = Vault XP percentage of total XP
 D = Non-vault monster count
 E = Vault monster count
 F = Vault count percentage of total count
                 A         B        C        D         E       F
            +---------+---------+-------+---------+---------+-------
      Total |    6446 |     893 |  12.2 |     142 |      12 |   7.8
            +---------+---------+-------+---------+---------+-------
        D:1 |      33 |       0 |   0.0 |      22 |       0 |   0.0
        D:2 |      67 |      10 |  13.0 |      20 |       4 |  16.7
        D:3 |     130 |       0 |   0.0 |       7 |       0 |   0.0
        D:4 |     459 |     239 |  34.2 |      17 |       1 |   5.6
        D:5 |     851 |     129 |  13.2 |      22 |       1 |   4.3
        D:6 |    1132 |     511 |  31.1 |      17 |       4 |  19.0
        D:7 |     845 |       4 |   0.5 |      14 |       2 |  12.5
        D:8 |    2929 |       0 |   0.0 |      23 |       0 |   0.0
            +---------+---------+-------+---------+---------+-------
